 Dungeon Crawl Stone Soup version 0.31-a0-810-ga77100ea1a (webtiles) character file.

Game seed: 2599766026770264644

18 ytrimaz the Changeling (level 2, -3/18 HPs)
             Began as an Octopode Shapeshifter on Sept 21, 2023.
             Slain by a gnoll
             ... wielding a +0 flail of protection
              (8 damage)
             ... on level 1 of the Dungeon.
             The game lasted 00:01:14 (1140 turns).

ytrimaz the Changeling (Octopode Shapeshifter)      Turns: 1140, Time: 00:01:15

Health: -3/18      AC:  1    Str: 13    XL:     2   Next: 70%
Magic:  2/2        EV: 13    Int: 12    God:
Gold:   82         SH:  0    Dex: 11    Spells: 1/1 levels left

rFire   . .          .
                       - Unarmed
rCold   . . .        (no shield)
rNeg    . . .        (helmet currently unavailable)
rPois   .            (no amulet)
rElec   .            (no ring)
rCorr   .            (no ring)
SInv    .            (no ring)
Will    .....        (no ring)
Stlth   +++          (no ring)
HPRegen 0.23/turn    (no ring)
MPRegen 0.08/turn    (no ring)
                     (no ring)

%: no passive effects
@: beast-form
A: beast (slay +1), almost no armour, amphibious, 8 rings, camouflage 1,
gelatinous body 1, (nimble swimmer 1), tentacles
a: Begin Untransformation


You were on level 1 of the Dungeon.
You were a hulking beast.
You visited 1 branch of the dungeon, and saw 2 of its levels.

You collected 82 gold pieces.


Innate Abilities, Weirdness & Mutations

You are a hulking beast.
Your limbs bulge with bestial killing power. (Slay +1)
You cannot wear most types of armour.
You are amphibious.
You can wear up to eight rings at the same time.
Your skin changes colour to match your surroundings (Stealth+).
Your rubbery body absorbs attacks. (AC +1, EV +1)
((You are camouflaged when in or above water. (Stealth+)))
You have tentacles for arms and can constrict up to eight enemies at once.


   Skills:
 - Level 1.0 Fighting
 - Level 2.0 Dodging
 + Level 2.2 Stealth
 - Level 3.0 Unarmed Combat
 + Level 3.4 Shapeshifting


You had one spell level left.
You didn't know any spells.
Your spell library contained the following spells:

 Spells                   Type           Power      Damage    Failure   Level
 Dazzling Flash           Conj/Hex       0%         N/A       69%         3
 Gell's Gravitas          Tloc           0%         N/A       69%         3
 Ozocubu's Armour         Ice            0%         N/A       69%         3
 Stone Arrow              Conj/Erth      0%         3d7       69%         3
 Teleport Other           Tloc           0%         N/A       69%         3
 Tukima's Dance           Hex            0%         N/A       69%         3
 Volatile Blastmotes      Fire/Tloc      0%         2d10      69%         3
 Dimensional Bullseye     Hex/Tloc       0%         N/A       97%         4
 Iskenderun's Mystic Bla  Conj/Tloc      0%         2d3       97%         4
 Metabolic Englaciation   Hex/Ice        0%         N/A       100%        5
 Dispersal                Tloc           0%         N/A       100%        6
 Simulacrum               Ice/Necr       0%         N/A       100%        6
 Starburst                Conj/Fire      0%         6d3       100%        6
 Lehudib's Crystal Spear  Conj/Erth      0%         10d2      100%        8
 Maxwell's Capacitive Co  Air            0%         ∞         100%        8
 Animate Armour           Summ/Erth      Unusable   N/A       N/A         4

Inventory:

Jewellery
 j - a ring of ice
   (You found it on level 1 of the Dungeon)
Talismans
 b - a beast talisman (active)
 c - a flux talisman
Scrolls
 d - 2 scrolls of enchant armour {unknown}
 e - a scroll of fog {unknown}
 f - a scroll of revelation {unknown}
 g - a scroll of teleportation {unknown}
 h - 3 scrolls of identify {unknown}
 i - a scroll of blinking {unknown}
 k - a scroll of enchant weapon {unknown}
Potions
 a - a potion of lignification

Dungeon Overview and Level Annotations

Branches:
Dungeon (2/15) Zot: 10859

Altars:

#.........#.............
#.###................... #.#
#......############# #.#
##......# #.#
###.##.######## #####.#
#.##.#......# ### #.....#
#.##.#......# #..
###.########.##.#......###.#
#......ggh...............#
#######.#######......##..#
#.......###...####..#
#.......# #.#.# #..#
#.......###.#.# ##..
##.##....[....# #..
#.##.....%...# #..
#.##.........#####..
#.#................#


You could see 2 gnolls.


Message History

The gnoll shouts!
There are monsters nearby!
There are monsters nearby!
There are monsters nearby!
Okay, then.
It was a potion of cancellation.
You feel magically purged.
You see here a +0 ring mail.
The gnoll shouts!
The gnoll shouts!
You see here the +11 spear of the Last Seas {freeze, rN++ Will+ Str-3 Dex+4}.
The gnoll attacks as it pursues you!
The gnoll hits you with a +0 flail of protection! 😮 HP[-7]
You take 7 damage, and now have 11/18 hp.
MASSIVE DAMAGE!! (PAUSE)
The gnoll attacks as it pursues you! The gnoll misses you. 😮 HP[+1]
A giant cockroach comes into view.
The gnoll attacks as it pursues you! The gnoll misses you. 😮 HP[+1]
The gnoll attacks as it pursues you!
The gnoll hits you with a +0 flail of protection!
* * * LOW HITPOINT WARNING * * *
😨 HP[-7]
You take 7 damage, and now have 6/18 hp.
MASSIVE DAMAGE!! (PAUSE)
The giant cockroach bites you.
* * * LOW HITPOINT WARNING * * *
The gnoll closely misses you. 😨 HP[-1]
You take 1 damage, and now have 5/18 hp.
The giant cockroach bites you but does no damage. 😨 HP[+1]
The giant cockroach attacks as it pursues you!
The giant cockroach barely misses you.
The giant cockroach attacks as it pursues you!
The giant cockroach barely misses you. 😨 HP[+1]
The giant cockroach attacks as it pursues you!
The giant cockroach barely misses you. x2
You see here a +0 dagger. 😨 HP[+1]
The giant cockroach bites you.
* * * LOW HITPOINT WARNING * * *
😨 HP[-2]
You take 2 damage, and now have 6/18 hp.
The giant cockroach attacks as it pursues you!
The giant cockroach misses you.
The giant cockroach attacks as it pursues you!
The giant cockroach bites you.
* * * LOW HITPOINT WARNING * * *
😨 HP[-1]
You take 1 damage, and now have 5/18 hp.
The giant cockroach waves its antennae.
The giant cockroach misses you. 😨 HP[+1] Unknown command.
There is a stone staircase leading up here. 😨 HP[+1]
The giant cockroach closely misses you.
You climb upwards.
There is a stone staircase leading down here.
Unknown command.
You are too injured to fight recklessly!
You barely miss the giant cockroach. You grab the giant cockroach.
You squeeze the giant cockroach, but do no damage.
You constrict the giant cockroach. The giant cockroach misses you.
You tentacle-slap the giant cockroach.
You kill the giant cockroach! 😨 HP[+1] Unknown command.
There is a stone staircase leading down here.
Unknown command.
There's nothing to close nearby.
You climb downwards.
The gnoll hits you with a +0 flail of protection.
* * * LOW HITPOINT WARNING * * *
The gnoll barely misses you.
There is a stone staircase leading up, spattered with blood here. 😨 HP[-2]
You take 2 damage, and now have 6/18 hp.
Unknown command.
Unknown command.
The gnoll barely misses you. The gnoll hits you with a +0 club.
* * * LOW HITPOINT WARNING * * *
You climb upwards.
There is a stone staircase leading down here.
Unknown command. 😱 HP[-2]
You take 2 damage, and now have 4/18 hp.
Unknown command.
Okay, then.
Unknown command.
Press: ? - help, v - describe, . - travel
Here: a gnoll, wielding a +0 flail of protection A stone staircase leading down.
You tentacle-slap the gnoll but do no damage.
Your grab misses the gnoll.
The gnoll hits you with a +0 flail of protection!
You die...

Skill      XL: |  1  2 |
---------------+-------+-----
Stealth        | 1 2 |  2.2
Fighting       | |  1.0
Dodging        | |  2.0
Unarmed Combat | |  3.0
Shapeshifting  | |  3.4

Action                     || total
---------------------------++-------
  Melee: Unarmed           ||    28
         Punch             ||     3
         Constrict         ||     6
         Tentacles         ||     6
    Use: Potion            ||     1
   Stab: Sleeping          ||     1
 Armour: Skin              ||    26
  Dodge: Dodged            ||    27

Levels and vault maps discovered:
D:1:      sevenhm_arrival_forest_fort_small_4, layout_basic,
          hellmonk_ecumenical_altar_lost_god, minmay_bisected
D:2:      layout_rooms

Notes
Turn   | Place    | Note
-------+----------+-------------------------------------------
     0 | D:1      | ytrimaz the Octopode Shapeshifter began the quest for the
                  | Orb.
     0 | D:1      | Reached XP level 1. HP: 13/13 MP: 1/1
     0 | D:1      | magus.rc [v1.9.6]
    37 | D:1      | Reached skill level 1 in Stealth
    66 | D:1      | Found a faded altar of an unknown god.
    87 | D:1      | Reached XP level 2. HP: 9/18 MP: 2/2
   140 | D:1      | You pick up a book of Winter and begin reading...
   140 | D:1      | You add the spells Ozocubu's Armour, Metabolic Englaciation
                  | and Simulacrum to your library.
   410 | D:1      | You pick up a book of Weapons and begin reading...
   410 | D:1      | You add the spells Tukima's Dance, Dimensional Bullseye and
                  | Iskenderun's Mystic Blast to your library.
   414 | D:1      | You pick up a book of Armaments and begin reading...
   414 | D:1      | You add the spells Stone Arrow and Lehudib's Crystal Spear
                  | to your library.
   450 | D:1      | Reached skill level 2 in Stealth
   707 | D:1      | You pick up a book of Spectacle and begin reading...
   707 | D:1      | You add the spells Volatile Blastmotes, Dazzling Flash,
                  | Starburst and Maxwell's Capacitive Coupling to your
                  | library.
   901 | D:2      | You add the spells Gell's Gravitas, Teleport Other and
                  | Dispersal to your library.
   905 | D:2      | Identified the +11 spear of the Last Seas {freeze, rN++
                  | Will+ Str-3 Dex+4}
  1137 | D:2      | HP: 4/18 [gnoll/+0 club (2)]
  1140 | D:1      | Slain by a gnoll

Vanquished Creatures
  A dart slug (D:1)
  2 endoplasms (D:1)
  A giant cockroach (D:1)
  4 goblins
  A hobgoblin (D:1)
  A kobold (D:1)
  A quokka (D:1)
  3 bats (D:1)
  A rat (D:2)
15 creatures vanquished.

Table legend:
 A = Non-vault XP
 B = Vault XP
 C = Vault XP percentage of total XP
 D = Non-vault monster count
 E = Vault monster count
 F = Vault count percentage of total count
                 A         B        C        D         E       F
            +---------+---------+-------+---------+---------+-------
      Total |      22 |       5 |  18.5 |      12 |       3 |  20.0
            +---------+---------+-------+---------+---------+-------
        D:1 |      20 |       5 |  20.0 |      10 |       3 |  23.1
        D:2 |       2 |       0 |   0.0 |       2 |       0 |   0.0
            +---------+---------+-------+---------+---------+-------

Skill      XL: |  1  2 |
---------------+-------+-----
Stealth        | 1 2 |  2.2
Fighting       | |  1.0
Dodging        | |  2.0
Unarmed Combat | |  3.0
Shapeshifting  | |  3.4

Action                     || total
---------------------------++-------
  Melee: Unarmed           ||    28
         Punch             ||     3
         Constrict         ||     6
         Tentacles         ||     6
    Use: Potion            ||     1
   Stab: Sleeping          ||     1
 Armour: Skin              ||    26
  Dodge: Dodged            ||    27

Illustrated notes

Table legend:
 A = Kills in this place as a percentage of kills in the entire game.
 B = Kills by you in this place as a percentage of kills by you in the entire game.
 C = Kills by friends in this place as a percentage of kills by friends in the entire game.
 D = Other kills in this place as a percentage of other kills in the entire game.
 E = Experience gained in this place as a percentage of experience gained in the entire game.
 F = Experience gained in this place divided by the number of levels of this place that you have seen.
                   A       B       C       D       E      F
               +-------+-------+-------+-------+-------+----------------------
         Total | 100.0 | 100.0 |   N/A |   N/A | 100.0 |  13.5
       Dungeon | 100.0 | 100.0 |   N/A |   N/A | 100.0 |  13.5
               +-------+-------+-------+-------+-------+----------------------

Table legend: (Time is in decaauts)
 A = Elapsed time spent in this place.
 B = Non-inter-level travel time spent in this place.
 C = Inter-level travel time spent in this place.
 D = Time resting spent in this place.
 E = Time spent auto-exploring this place.
 F = Levels seen in this place.
 G = Mean time per level.
                   A        B        C        D        E       F      G
               +--------+--------+--------+--------+--------+-----+--------+
         Total |   1139 |   1118 |     21 |      0 |    916 |   2 |  569.5 |
       Dungeon |   1139 |   1118 |     21 |      0 |    916 |   2 |  569.5 |
               +--------+--------+--------+--------+--------+-----+--------+

Top non-repeatable levels by time:
     D:1: 881 daAuts
     D:2: 258 daAuts
